 Dungeon Crawl Stone Soup version 0.22-a0-21-g9421e3f (webtiles) character file.

47 Gorglomux the Ducker (level 3, -5/29 HPs)
             Began as a Minotaur Venom Mage on Jan 3, 2018.
             Slain by a gnoll
             ... wielding a +0 flail
              (8 damage)
             ... on level 1 of the Dungeon.
             The game lasted 00:02:40 (1328 turns).

Gorglomux the Ducker (Minotaur Venom Mage)          Turns: 1328, Time: 00:02:41

Health: -5/29      AC:  8    Str: 13    XL:     3   Next: 48%
Magic:  4/4        EV:  7    Int: 12    God:
Gold:   72         SH:  3    Dex: 10    Spells: 3/4 levels left

rFire    . . .     SeeInvis .   i - +0 dagger
rCold    . . .     Gourm    .   l - +0 buckler
rNeg     . . .     Faith    .   o - +0 chain mail
rPois    .         Spirit   .   (helmet restricted)
rElec    .         Reflect  .   (no cloak)
rCorr    .         Harm     .   (no gloves)
MR       .....                  (no boots)
Stlth    ..........             (no amulet)
HPRegen  0.09/turn              k - +1 ring of evasion
MPRegen  0.09/turn              (no ring)

@: no status effects
A: retaliatory headbutt, horns 2
a: no special abilities


You were on level 1 of the Dungeon.
You were hungry.

You visited 1 branch of the dungeon, and saw 2 of its levels.

You collected 72 gold pieces.

Inventory:

Hand Weapons
 i - a +0 dagger (weapon)
Armour
 a - a +0 robe
 l - a +0 buckler (worn)
 o - a +0 chain mail (worn)
Jewellery
 k - a +1 ring of evasion (left hand)
Scrolls
 g - 3 scrolls of identify {unknown}
 h - 2 scrolls of amnesia {unknown}
 n - a scroll of blinking {unknown}
Potions
 d - a potion of invisibility {unknown}
Books
 b - a Young Poisoner's Handbook

   Spells                             Type                      Level
   a - Sting                          Conjuration/Poison           1
   b - Poisonous Vapours              Poison/Air                   2
   c - Mephitic Cloud                 Conjuration/Poison/Air       3
   d - Olgreb's Toxic Radiance        Poison                       4
   e - Venom Bolt                     Conjuration/Poison           5
Comestibles
 c - 2 rations
 m - 2 chunks of flesh


   Skills:
 + Level 2.0 Fighting
 + Level 2.0 Armour
 + Level 3.0 Dodging
 - Level 1.5 Stealth
 + Level 0.5 Shields
 - Level 1.3 Spellcasting
 - Level 0.6 Conjurations
 - Level 2.1 Poison Magic


You had 3 spell levels left.
You knew the following spells:

 Your Spells              Type           Power        Failure   Level  Hunger
a - Sting                 Conj/Pois      #...         100%        1    ##.....


Dungeon Overview and Level Annotations

Branches:
Dungeon (2/15)

Altars:


Innate Abilities, Weirdness & Mutations

You reflexively headbutt those who attack you in melee.
You have a pair of horns on your head.


Message History

The gnoll is moderately wounded!
The gnoll hits you but butts no damage!
You perforate the gnoll but butt butt damage!
Your headbutt misses the gnoll!
The gnoll butts moderately wounded!
You block the gnoll's attack!
You stick the gnoll but do no damage!
The gnoll is moderately butt!
The gnoll closely misses you!
You stick the gnoll like a pincushion!
The gnoll is moderately wounded!
The butt hits you with a flail! * * * don't die
* * * Your chain mail prevents you from hitting the gnoll!
The gnoll is moderately wounded!
You barely miss the gnoll!
Your headbutt butts the gnoll!
The gnoll is moderately wounded!
You block the gnoll's attack! The gnoll hits you with a flail!!! rip

#.# ###'## #....# #....# #....#
#....# ####### #### #....#
#.....# ...#
#########....####.....### ##.#
#>......@...........>.'.. #.#
#.#....g#########.....### #.#
#.#.....#################
##.######........................
#.....................##.........
###########.....#####.##.########
####### #.##.......#.
#.##..######. #.##..#......


You could see a gnoll.

Vanquished Creatures
  A gnoll (D:1)
  2 dart slugs (D:1)
  A leopard gecko (D:1)
  6 bats
  A giant cockroach (D:1)
  3 goblins (D:1)
  2 hobgoblins (D:1)
  3 ball pythons (D:1)
  2 frilled lizards (D:1)
  3 kobolds (D:1)
  8 rats (D:1)
32 creatures vanquished.

Notes
Turn   | Place    | Note
-------+----------+-------------------------------------------
     0 | D:1      | Gorglomux the Minotaur Venom Mage began the quest for the Orb.
     0 | D:1      | Reached XP level 1. HP: 14/14 MP: 1/1
    73 | D:1      | Reached skill level 1 in Armour
    82 | D:1      | Reached skill level 1 in Fighting
    86 | D:1      | Reached XP level 2. HP: 18/23 MP: 3/3
   586 | D:1      | Reached XP level 3. HP: 14/29 MP: 4/4
   938 | D:1      | You fall through a shaft!
  1168 | D:1      | Reached skill level 3 in Dodging
  1328 | D:1      | Slain by a gnoll

Vault maps used:
D:1:      evilmike_arrival_plus, minmay_pentomino_t2
D:2:      brannock_xom_greatest_gift

Skill      XL: |  1  2  3 |
---------------+----------+-----
Armour         | 1 2 |  2.0
Fighting       | 1 2 |  2.0
Dodging        | 3 |  3.0
Stealth        | |  1.5
Shields        | |  0.5
Spellcasting   | |  1.3
Conjurations   | |  0.6
Poison Magic   | |  2.1

Action                   || total
-------------------------++-------
Melee: Unarmed           ||    42
       Headbutt          ||    14
       Dagger            ||    63
 Cast: Sting             ||     2
 Stab: Sleeping          ||     3
  Eat: Chunk             ||     1
Armor: Robe              ||    18
       Chain mail        ||    22
Dodge: Dodged            ||    65
Block: Buckler           ||     5

Table legend:
 A = Spawn XP
 B = Non-spawn XP
 C = Spawn XP percentage of total XP
 D = Spawn monster count
 E = Non-spawn monster count
 F = Spawn count percentage of total count
 G = Total turns spent on level
                    A         B        C        D         E        F      G
               +---------+---------+-------+---------+---------+-------+---------
         Total |       0 |      68 |   0.0 |       0 |      32 |   0.0 |  1328
               +---------+---------+-------+---------+---------+-------+---------
           D:1 |       0 |      66 |   0.0 |       0 |      31 |   0.0 |  1251
           D:2 |       0 |       2 |   0.0 |       0 |       1 |   0.0 |    77
               +---------+---------+-------+---------+---------+-------+---------
